 Dungeon Crawl Stone Soup version 0.16-a0-3992-g631dd12 (webtiles) character file.

12 timbw the Caller (level 2, -2/11 HPs)
             Began as a Felid Summoner on Feb 12, 2015.
             Slain by an adder (3 damage)
             ... on level 3 of the Dungeon.
             The game lasted 00:02:14 (369 turns).

timbw the Caller (Felid Summoner)                    Turns: 369, Time: 00:02:14

Health: -2/11      AC:  1    Str:  4    XL:     2   Next: 20%
Magic:  3/5        EV: 18    Int: 16    God:
Gold:   41         SH:  0    Dex: 16    Spells: 2 memorised, 2 levels left
                                        Lives:  0   Deaths: 0

rFire  . . .     SeeInvis +     (weapon unavailable)
rCold  . . .     Clarity  .     (armour unavailable)
rNeg   . . .     SustAb   .     (shield unavailable)
rPois  .         Gourm    .     (helmet unavailable)
rElec  .         Spirit   .     (cloak unavailable)
rCorr  .         Warding  .     (gloves unavailable)
rMut   .         Stasis   .     (boots unavailable)
MR     .....                    (no amulet)
Stlth  +++.......               (no ring)
                                (no ring)

@: quick, not resistant to hostile enchantments, fairly stealthy
A: paw claws, no armour, no weapons or thrown items, fangs 3, see invisible,
carnivore 3, speed 1, shaggy fur 1, slow metabolism 1, sharp paws
a: no special abilities


You were on level 3 of the Dungeon.
You were not hungry.

You visited 1 branch of the dungeon, and saw 3 of its levels.

You collected 41 gold pieces.

Inventory:

Scrolls
 a - a scroll of remove curse {unknown}
Potions
 d - a potion of agility {unknown}
Books
 b - a book of Callings

   Spells                             Type                      Level
   a - Summon Small Mammal            Summoning                    1
   b - Call Imp                       Summoning                    2
   c - Call Canine Familiar           Summoning                    3
   d - Summon Guardian Golem          Hexes/Summoning              4
   e - Summon Lightning Spire         Summoning/Air                4
   f - Summon Ice Beast               Ice/Summoning                4
Comestibles
 c - a meat ration


   Skills:
 - Level 2.6 Dodging
 - Level 2.6 Stealth
 + Level 2.2 Spellcasting
 + Level 4.4 Summonings


You had 2 spell levels left.
You knew the following spells:

 Your Spells              Type           Power        Failure   Level  Hunger
a - Summon Small Mammal   Summ           ###.         4%          1    #......
b - Call Imp              Summ           ###.....     8%          2    ###....


Dungeon Overview and Level Annotations

Branches:
Dungeon (3/15)

Altars:


Innate Abilities, Weirdness & Mutations

You cannot wear armour.
You are incapable of wielding weapons or throwing items.
You have razor-sharp teeth.
You have supernaturally acute eyesight.
You are carnivorous and can eat meat at any time.
You cover ground quickly.
You are covered in fur (AC +1).
You have a slow metabolism.
Your paws have sharp claws that are effective at stabbing.


Message History

The kobold hits your quokka.
Your quokka bites the kobold.
The kobold dies!
You start resting.
Your quokka disappears in a puff of smoke!
Your crimson imp blinks!
Casting: Summon Small Mammal
Confirm with . or Enter, or press ? or * to list all spells.
A beastly little devil appears in a puff of flame.
There is a stone staircase leading down here.
Your crimson imp blinks!
Your crimson imp blinks!
Found 30 bolts.
Found a stone staircase leading up.
Found a fizzy blue potion.
An adder and an orc come into view.
You see here a fizzy blue potion.
d - a fizzy blue potion The adder bites you.
* * * LOW HITPOINT WARNING * * *
The adder bites you.
You die...

...... ...<(...... .....#.
#.......#... .......
#...........#
.......###.........)..
..o..........5......#
.........#####......##
.........##..........####.
.......SS##..........#....
.........@#...............
.......#.#.....5......##
#.....##.........>..###
#...## ##............####
.#. .##..........(.†..# #
..........(...#.##..
...#...<######.#.S. #.####
#....> .. ####..


You could see 2 adders and an orc (sleeping).

Vanquished Creatures
  A bat (D:2)
  A giant newt (D:2)
2 creatures vanquished.

Vanquished Creatures (collateral kills)
  An adder (D:2)
  A bat (D:2)
  A goblin (D:2)
  A hobgoblin (D:1)
  2 jackals (D:1)
  A kobold (D:3)
  A quokka (D:2)
  A giant newt (D:1)
9 creatures vanquished.

Vanquished Creatures (others)
  A quokka (D:1)
1 creature vanquished.

Grand Total: 12 creatures vanquished

Notes
Turn   | Place    | Note
--------------------------------------------------------------
     0 | D:1      | timbw, the Felid Summoner, began the quest for the Orb.
     0 | D:1      | Reached XP level 1. HP: 7/7 MP: 4/4
   181 | D:2      | Reached XP level 2. HP: 9/11 MP: 1/5
   185 | D:2      | Learned a level 2 spell: Call Imp
   369 | D:3      | Slain by an adder

Action                   || total
-------------------------++-------
Melee: Unarmed           ||    12
 Cast: Summon Small Mamm ||     9
       Call Imp          ||     6
  Eat: Chunk             ||     2
